 Dungeon Crawl Stone Soup version 0.28-a0-479-g5baa6b73be (webtiles) character file.

Game seed: 12956722971221491559

135 bande the Skirmisher (level 5, -14/33 HPs)
             Began as a Gargoyle Fighter on Sept 18, 2021.
             Demolished by an ogre (22 damage)
             ... on level 3 of the Dungeon.
             The game lasted 00:03:17 (2628 turns).

bande the Skirmisher (Gargoyle Fighter)             Turns: 2628, Time: 00:03:18

Health: -14/33     AC: 13    Str: 19    XL:     5   Next: 18%
Magic:  5/5        EV:  9    Int:  9    God:
Gold:   156        SH:  4    Dex: 10    Spells: 2/4 levels left

rFire   . . .      SeeInvis .   a - +0 war axe
rCold   . . .      Faith    .   c - +0 buckler
rNeg    + . .      Spirit   .   b - +0 scale mail
rPois   ∞          Reflect  .   g - +0 helmet
rElec   +          Harm     .   (no cloak)
rCorr   +          Rampage  .   (no gloves)
Will    .....                   e - +0 pair of boots
Stlth   ..........              (no amulet)
HPRegen 0.11/turn               i - ring of resist corrosion
MPRegen 0.09/turn               (no ring)

@: no status effects
A: sickness immunity, AC +4, negative energy resistance 1, electricity
resistance, torment resistance 1, petrification resistance
a: no special abilities


You were on level 3 of the Dungeon.
You visited 1 branch of the dungeon, and saw 3 of its levels.

You collected 156 gold pieces.

Inventory:

Hand Weapons
 a - a +0 war axe (weapon)
 k - a +0 flail
Armour
 b - a +0 scale mail (worn)
 c - a +0 buckler (worn)
 e - a +0 pair of boots (worn)
 g - a +0 helmet (worn)
Jewellery
 i - a ring of resist corrosion (left hand)
Scrolls
 h - a scroll of fear {unknown}
 l - a scroll of summoning {unknown}
Potions
 d - a potion of might
 f - 2 potions of curing
 j - a potion of heal wounds


   Skills:
 + Level 3.9 Fighting
 + Level 3.3 Axes
 + Level 3.9 Armour
 + Level 3.8 Shields
 * Level 1.0 Translocations


You had 2 spell levels left.
You knew the following spells:

 Your Spells              Type           Power      Damage    Failure   Level
a - Blink                 Tloc           N/A        N/A       77%         2

Your spell library contained the following spells:

 Spells                   Type           Power      Damage    Failure   Level
 Lesser Beckoning         Tloc           1%         N/A       94%         3
 Manifold Assault         Tloc           1%         N/A       100%        5


Dungeon Overview and Level Annotations

Branches:
Dungeon (3/15)

Altars:


Innate Abilities, Weirdness & Mutations

You are immune to sickness and miasma.
Your stone body is resilient. (AC +4)
You are immune to poison.
You resist negative energy. (rN+)
You are resistant to electric shocks. (rElec)
You are resistant to unholy torment.
You are immune to petrification.


Message History

You hit the endoplasm.
The endoplasm is heavily wounded.
The endoplasm freezes you.
You are frozen.
You completely miss the endoplasm.
The endoplasm is heavily wounded.
You block the endoplasm's attack. The endoplasm freezes you.
You are frozen.
You hit the endoplasm.
The endoplasm is severely wounded.
The endoplasm freezes you.
You are frozen.
An endoplasm is nearby!
An endoplasm is nearby!
You barely miss the endoplasm.
The endoplasm is severely wounded.
The endoplasm freezes you.
You are frozen.
You barely miss the endoplasm.
The endoplasm is severely wounded.
The endoplasm hits you but does no damage.
The endoplasm freezes you.
You are frozen.
You slash the endoplasm!
You kill the endoplasm!
Found 10 gold pieces.
You start resting.
An ogre comes into view. It is wielding a +0 giant club.
The ogre shouts!
You barely miss the ogre. The ogre barely misses you.
You hit the ogre.
The ogre is lightly wounded.
The ogre hits you with a +0 giant club!
* * * LOW HITPOINT WARNING * * *
You slash the ogre!
The ogre is severely wounded.
The ogre hits you with a +0 giant club!!
Ouch! That really hurt!
You die...

#. .#. #. ..
##.. #.
........
#...#..#######
#..... ......
#.....##.#.##
#.......@O..#
...[#..##.#..#
. ..... #.# .#
$...### #.# ..
## ... #.# #.#
... .. ###.#
#.##.# . #...#
.....#
#.#######>....
#.........#


You could see an ogre.

Vanquished Creatures
  4 gnolls (D:3)
  3 adders (D:2)
  2 dart slugs (D:1)
  An orc (D:3)
  6 endoplasms
  4 goblins
  5 hobgoblins
  12 jackals
  A quokka (D:2)
  4 ball pythons
  9 bats
  4 frilled lizards
  4 kobolds
  2 rats (D:1)
61 creatures vanquished.

Notes
Turn   | Place    | Note
-------+----------+-------------------------------------------
     0 | D:1      | bande the Gargoyle Fighter began the quest for the Orb.
     0 | D:1      | Reached XP level 1. HP: 14/14 MP: 1/1
    61 | D:1      | Reached XP level 2. HP: 15/19 MP: 2/2
   806 | D:1      | Reached XP level 3. HP: 24/24 MP: 3/3
  1088 | D:2      | Learned a level 2 spell: Blink
  1455 | D:2      | Reached XP level 4. HP: 27/29 MP: 4/4
  2334 | D:3      | Reached XP level 5. HP: 16/33 MP: 5/5
  2337 | D:3      | Reached skill level 1 in Translocations
  2624 | D:3      | Noticed an ogre
  2628 | D:3      | Demolished by an ogre

Illustrated notes

Levels and vault maps discovered:
D:1:      lightli_arrival_statuegarden, layout_rooms, grunt_decor_cap,
          chequers_serial_rivers_marsh
D:2:      layout_basic, minmay_tromino_v4_a
D:3:      layout_basic, fedhas_altar_fruit_tree, shapermc_ecumenical_altar_venn,
          dk_noncrumbling_2, uniq_ijyb

Skill      XL: |  1  2  3  4  5 |
---------------+----------------+-----
Axes           | 2 3 |  3.3
Translocations | 1 |  1.0
Fighting       | |  3.9
Armour         | |  3.9
Shields        | |  3.8

Action                   |  1- 3 |  4- 6 || total
-------------------------+-------+-------++-------
Melee: War axe           |   122 |    95 ||   217
  Use: Scroll            |     3 |     1 ||     4
Armor: Scale mail        |   108 |    56 ||   164
Dodge: Dodged            |   100 |    68 ||   168
Block: Buckler           |    44 |    34 ||    78

Table legend: (Time is in decaauts)
 A = Elapsed time spent in this place.
 B = Non-inter-level travel time spent in this place.
 C = Inter-level travel time spent in this place.
 D = Time resting spent in this place.
 E = Time spent auto-exploring this place.
 F = Levels seen in this place.
 G = Mean time per level.
                   A        B        C        D        E       F      G
               +--------+--------+--------+--------+--------+-----+--------+
         Total |   2710 |   2710 |      0 |    353 |   1832 |   3 |  903.3 |
       Dungeon |   2710 |   2710 |      0 |    353 |   1832 |   3 |  903.3 |
               +--------+--------+--------+--------+--------+-----+--------+

Top non-repeatable levels by time:
     D:2: 1151 daAuts
     D:1: 1007 daAuts
     D:3: 551 daAuts
